 Dungeon Crawl Stone Soup version 0.31-a0-196-g86fe4a5e66 (webtiles) character file.

Game seed: 13471537745400515009

511929 Anon1729 the Metallomancer (level 25, -1/171 HPs)
             Began as an Octopode Monk on June 24, 2023.
             Was the Champion of Hepliaklqana.
             Constricted to death by a tentacled monstrosity (8 damage)
             ... on level 2 of the Realm of Zot.
             The game lasted 04:00:22 (70155 turns).

Anon1729 the Metallomancer (Octopode Monk)         Turns: 70155, Time: 04:00:22

Health: -1/171     AC: 11    Str: 17    XL:     25   Next: 11%
Magic:  26/44      EV: 22    Int: 28    God:    Hepliaklqana [******]
Gold:   2288       SH:  5    Dex: 24    Spells: 6/41 levels left

rFire   + +          .
                       - Unarmed
rCold   + + .        (no shield)
rNeg    + + .        o - +2 hat {SInv}
rPois   +            Z - amulet of reflection
rElec   +            q - ring of the Greedy {rN+ rCorr MP+9}
rCorr   +            d - ring "Apsuhagg" {AC+4 Slay+3}
SInv    +            c - ring of Elitism {rElec rPois rC+ AC+4}
Will    ++...        g - ring of positive energy
Stlth   +++++++      f - ring of protection from fire
HPRegen 0.48/turn    h - ring of willpower
MPRegen 0.29/turn    b - ring "Nefen" {rPois rF+ rC+ Str+6 Dex+8}
                     e - +6 ring of intelligence

%: reflection
@: slightly contaminated, constricted, studying 3 skills
A: reduced essence, almost no armour, amphibious, 8 rings, camouflage 1,
gelatinous body 1, (nimble swimmer 1), tentacles, antennae 1, tentacle spike 1,
poison resistance, robust 1, screaming 1
}: 3/15 runes: serpentine, barnacled, slimy
a: Renounce Religion, Recall Ancestor, Ancestor Identity, Transference, Idealise


You were on level 2 of the Realm of Zot.
You worshipped Hepliaklqana.
Hepliaklqana was exalted by your worship.
You visited 11 branches of the dungeon, and saw 49 of its levels.
You visited 4 bazaars.
You also visited: Bailey, Volcano and Wizlab.

You collected 7611 gold pieces.
You spent 5323 gold pieces at shops.

Inventory:

Hand Weapons
 a - the +3 Elemental Staff {rElec rF+ rC+ AC+3}
   (You found it on level 1 of the Depths)

   It enhances your fire, ice, earth and air magic.
   AC:        It affects your AC (+3).
   rF:        It protects you from fire.
   rC:        It protects you from cold.
   rElec:     It insulates you from electricity.
Missiles
 p - 2 throwing nets
 G - 41 poisoned darts (quivered)
 L - 22 atropa-tipped darts
 O - 18 curare-tipped darts
Armour
 o - a +2 hat of see invisible (worn)
 Y - an orb of energy
Jewellery
 b - the ring "Nefen" (on tentacle) {rPois rF+ rC+ Str+6 Dex+8}
   (You found it on level 13 of the Dungeon)

   [ring of strength]

   Str:       It affects your strength (+6).
   Dex:       It affects your dexterity (+8).
   rF:        It protects you from fire.
   rC:        It protects you from cold.
   rPois:     It protects you from poison.
 c - the ring of Elitism (on tentacle) {rElec rPois rC+ AC+4}
   (You took it off a deep elf knight on level 1 of the Elven Halls)

   [ring of protection]

   AC:        It affects your AC (+4).
   rC:        It protects you from cold.
   rElec:     It insulates you from electricity.
   rPois:     It protects you from poison.
 d - the ring "Apsuhagg" (right tentacle) {AC+4 Slay+3}
   (You found it on level 1 of the Depths)

   [ring of protection]

   AC:        It affects your AC (+4).
   Slay:      It affects your accuracy & damage with ranged weapons and melee
   (+3).
 e - a +6 ring of intelligence (on tentacle)
 f - a ring of protection from fire (on tentacle)
 g - a ring of positive energy (on tentacle)
 h - a ring of willpower (on tentacle)
 q - the ring of the Greedy (left tentacle) {rN+ rCorr MP+9}
   (You found it on level 5 of the Pits of Slime)

   [ring of resist corrosion]

   rN:        It protects you from negative energy.
   MP:        It affects your magic capacity (+9).
   rCorr:     It protects you from acid and corrosion.
 Z - an amulet of reflection (around mantle)
Wands
 m - a wand of roots (18)
 s - a wand of polymorph (2)
 t - a wand of mindburst (14)
 v - a wand of flame (11)
 x - a wand of charming (12)
 R - a wand of digging (25)
 V - a wand of acid (21)
Scrolls
 k - 8 scrolls of teleportation
 u - 4 scrolls of revelation
 y - 8 scrolls of fog
 E - 4 scrolls of silence
 H - 9 scrolls of poison
 M - 10 scrolls of immolation
 T - 10 scrolls of fear
 W - 8 scrolls of vulnerability
Potions
 j - 11 potions of enlightenment
 l - 9 potions of might
 n - 17 potions of curing
 r - 9 potions of brilliance
 w - 8 potions of haste
 z - 5 potions of cancellation
 A - 5 potions of resistance
 B - 3 potions of berserk rage
 D - 8 potions of lignification
 I - 5 potions of ambrosia
 J - 2 potions of invisibility
 P - 3 potions of mutation
 Q - 4 potions of attraction
 U - 3 potions of magic
Miscellaneous
 i - a tin of tremorstones (2/2)
 C - a lightning rod (4/4)
 K - a sack of spiders (inert)
 N - a piece from Xom's chessboard (15/15)
 X - a phial of floods


   Skills:
 - Level 14.2 Fighting
 - Level 15.6 Throwing
 - Level 14.1 Dodging
 - Level 15.0 Stealth
 - Level 15.6 Unarmed Combat
 - Level 8.6 Spellcasting
 - Level 7.7 Conjurations
 - Level 15.1 Transmutations
 - Level 6.0 Ice Magic
 + Level 25.4 Earth Magic
 - Level 6.3 Invocations
 - Level 12.4 Evocations


You had 6 spell levels left.
You knew the following spells:

 Your Spells              Type           Power      Damage    Failure   Level
a - Statue Form           Tmut/Erth      60%        N/A       1%          6
b - Lee's Rapid Deconstr  Erth           50%        3d24*     0%          5
c - Petrify               Tmut/Erth      90%        N/A       0%          4
d - Irradiate             Conj/Tmut      33%        3d22      1%          5
e - Leda's Unmaking       Conj/Erth      40%        9d7       1%          6
f - Shatter               Erth           50%        3d38*     14%         9

Your spell library contained the following spells:

 Spells                   Type           Power      Damage    Failure   Level
 Passwall                 Tmut/Erth      75%        N/A       0%          2
 Foxfire                  Conj/Fire      100%       2x1d9     1%          1
 Freeze                   Ice            100%       1d10      1%          1
 Magic Dart               Conj           100%       1d8       1%          1
 Sting                    Tmut/Pois      100%       1d8       1%          1
 Ensorcelled Hibernation  Hex/Ice        56%        N/A       1%          2
 Momentum Strike          Conj/Tloc      66%        3d9       1%          2
 Searing Ray              Conj           100%       2d8       1%          2
 Static Discharge         Conj/Air       66%        2-5/arc   1%          2
 Frozen Ramparts          Ice            90%        1d14      1%          3
 Hailstorm                Conj/Ice       50%        3d11      1%          3
 Ozocubu's Armour         Ice            45%        N/A       1%          3
 Ice Form                 Ice/Tmut       63%        N/A       1%          4
 Leda's Liquefaction      Hex/Erth       35%        N/A       1%          4
 Blade Hands              Tmut           38%        N/A       1%          5
 Borgnjor's Vile Clutch   Necr/Erth      35%        N/A       1%          5
 Necrotise                Necr           48%        1d6       4%          1
 Slow                     Hex            48%        N/A       4%          1
 Summon Small Mammal      Summ           48%        N/A       4%          1
 Mephitic Cloud           Conj/Pois/Air  26%        N/A       4%          3
 Iskenderun's Battlesphe  Conj           54%        2d10      5%          5
 Alistair's Intoxication  Tmut/Pois      35%        N/A       6%          5
 Blink                    Tloc           24%        N/A       7%          2
 Cigotuvi's Dreadful Rot  Necr/Pois/Air  24%        N/A       7%          2
 Lesser Beckoning         Tloc           24%        N/A       7%          2
 Poisonous Vapours        Pois/Air       24%        N/A       7%          2
 Fulminant Prism          Conj/Hex       16%        3d11      10%         4
 Iskenderun's Mystic Bla  Conj/Tloc      33%        2d8       10%         4
 Sticky Flame             Conj/Fire      33%        2d5       10%         4
 Call Canine Familiar     Summ           12%        N/A       14%         3
 Gell's Gravitas          Tloc           12%        N/A       14%         3
 Portal Projectile        Hex/Tloc       24%        N/A       14%         3
 Summon Guardian Golem    Hex/Summ       12%        N/A       14%         3
 Swiftness                Air            12%        N/A       14%         3
 Teleport Other           Tloc           12%        N/A       14%         3
 Tukima's Dance           Hex            12%        N/A       14%         3
 Vampiric Draining        Necr           12%        2d6       14%         3
 Vhi's Electric Charge    Tloc/Air       24%        N/A       14%         3
 Volatile Blastmotes      Fire/Tloc      24%        2d12      14%         3
 Summon Ice Beast         Ice/Summ       28%        N/A       14%         4
 Freezing Cloud           Conj/Ice/Air   18%        6-21      19%         5
 Arcjolt                  Conj/Air       16%        1d26      26%         5
 Fireball                 Conj/Fire      16%        3d8       26%         5
 Metabolic Englaciation   Hex/Ice        14%        N/A       36%         5
 Airstrike                Air            6%         2d(1-17)  43%         4
 Animate Dead             Necr           12%        N/A       43%         4
 Cause Fear               Hex            6%         N/A       43%         4
 Dispel Undead            Necr           12%        3d9       43%         4
 Manifold Assault         Tloc           12%        N/A       43%         4
 Olgreb's Toxic Radiance  Pois           12%        N/A       43%         4
 Summon Lightning Spire   Summ/Air       12%        N/A       43%         4
 Agony                    Necr           12%        N/A       78%         5
 Silence                  Hex/Air        6%         N/A       78%         5
 Summon Mana Viper        Hex/Summ       12%        N/A       78%         5
 Conjure Ball Lightning   Conj/Air       16%        3x3d6     82%         6
 Starburst                Conj/Fire      16%        6d6       82%         6
 Simulacrum               Ice/Necr       14%        N/A       91%         6
 Death Channel            Necr           6%         N/A       100%        6
 Dispersal                Tloc           6%         N/A       100%        6
 Plasma Beam              Fire/Air       6%         2x1d16    100%        6
 Summon Cactus Giant      Summ           6%         N/A       100%        6
 Dragon Form              Tmut           38%        N/A       8%          7
 Lehudib's Crystal Spear  Conj/Erth      40%        10d10     32%         8
 Orb of Destruction       Conj           27%        9d9       85%         7
 Storm Form               Tmut/Air       26%        N/A       87%         7
 Ozocubu's Refrigeration  Ice            22%        4d12      98%         7
 Spellforged Servitor     Conj/Summ      16%        N/A       100%        7
 Borgnjor's Revivificati  Necr           6%         N/A       100%        8
 Discord                  Hex            6%         N/A       100%        8
 Disjunction              Tloc           6%         N/A       100%        8
 Ignition                 Fire           6%         3d4       100%        8
 Maxwell's Capacitive Co  Air            6%         ∞         100%        8
 Chain Lightning          Conj/Air       16%        3d22      100%        9
 Dragon's Call            Summ           6%         N/A       100%        9
 Fire Storm               Conj/Fire      16%        8d4       100%        9
 Polar Vortex             Ice            22%        N/A       100%        9


Dungeon Overview and Level Annotations

Branches:
Dungeon (15/15)            Temple (1/1) D:7            Lair (5/5) D:10
 Shoals (4/4) Lair:3        Snake (4/4) Lair:3        Slime (5/5) Lair:5
    Orc (2/2) D:10            Elf (3/3) Orc:2        Vaults (4/5) D:14
  Crypt (0/3) Vaults:3     Depths (4/4) D:15            Zot (2/5) Depths:4
 Bailey (visited)         Volcano (visited)          WizLab (visited)

Altars:
Ashenzari
Cheibriados
Dithmenos
Elyvilon
Fedhas
Gozag
Hepliaklqana
Kikubaaqudgha
Makhleb
Nemelex Xobeh
Okawaru
Qazlal
Ru
Sif Muna
Trog
Uskayaw
Vehumet
Wu Jian
Xom
Yredelemnul
Zin
The Shining One
Jiyva
Lugonu

Shops:
D:5 [   D:15 :   Orc:1 *   Orc:2 ([:=   Elf:2 (   Elf:3 ((*(   Shoals:3 ([!?=
Snake:1 ?*   Snake:2 !(!   Snake:4 =   Vaults:1 :   Vaults:2 (   Vaults:3 *
Vaults:4 ?   Depths:3 =

Portals:
Hell: Depths:1 Depths:2 Depths:3 Depths:4
Abyss: Depths:1 Depths:2 Depths:3
Pandemonium: Depths:2
Ziggurat: Depths:2
Trove: Depths:1 (give +4 demon blade)

Annotations:
D:6 1 exclusion
Elf:2 3 runed translucent doors
Zot:1 Vv
Zot:2 exclusion: 3 doors


Innate Abilities, Weirdness & Mutations

Your life essence is reduced to manifest your ancestor. (-10% HP)
You cannot wear most types of armour.
You are amphibious.
You can wear up to eight rings at the same time.
Your skin changes colour to match your surroundings (Stealth+).
Your rubbery body absorbs attacks. (AC +1, EV +1)
((You are camouflaged when in or above water. (Stealth+)))
You have tentacles for arms and can constrict up to eight enemies at once.
You have a pair of small antennae on your head.
One of your tentacles bears a spike.
Your system is resistant to poisons. (rPois)
You are robust. (+10% HP)
You occasionally shout uncontrollably at your foes.


Message History

* * * LOW HITPOINT WARNING * * *
You block the tentacled monstrosity's attack.
The helpless yellow draconian fails to defend itself.
You batter the yellow draconian!!
You kill the yellow draconian!
The purple draconian breathes dispelling energy at you.
The bolt of dispelling energy hits you!!
Your magical effects are unravelling.
* * * LOW HITPOINT WARNING * * *
The tentacled monstrosity completely misses you.
The tentacled monstrosity misses you. x2; The tentacled monstrosity grabs you.
The tentacled monstrosity constricts you.
* * * LOW HITPOINT WARNING * * *
A storm dragon comes into view.
Friðuswiþ gestures wildly while chanting.
The purple draconian resists with almost no effort.
The death cob appears confused.
The tentacled monstrosity resists with almost no effort.
Blink to where?
Press: ? - help, Dir - move target The tentacled monstrosity's grasp on you weakens, but your attempt to escape fails.
As you read the scroll of blinking, it crumbles to dust.
You feel yourself speed up. You block the death cob's attack.
The death cob closely misses itself.
The purple draconian barely misses you.
The tentacled monstrosity closely misses you.
The tentacled monstrosity barely misses you.
The tentacled monstrosity closely misses you.
The tentacled monstrosity constricts you!
* * * LOW HITPOINT WARNING * * *
Friðuswiþ hits the death cob with a +0 antimagic quick blade.
Friðuswiþ barely misses the death cob.
A golden dragon comes into view.
You yell at the golden dragon!
The purple draconian completely misses you.
The tentacled monstrosity tentacle-slaps you but does no damage. x2
The tentacled monstrosity tentacle-slaps you.
* * * LOW HITPOINT WARNING * * *
The tentacled monstrosity constricts you!
You die...

..####........##
.........#.....###
..^..............##
...............?..##
.......####..#.....##
.......######.......##
.........####........###
......##...##....d......
................@z....#
.............##)RX.#..D.
..............##...# X..
###........##......#
...........# #.....
###....##...# #......
###.....###.# .......D
.⌠.....................
.........##....


You could see the friendly Friðuswiþ the hexer, a tentacled monstrosity
(misshapen), a golden dragon, a storm dragon, a purple draconian (catching
breath, misshapen) and a death cob (confused, ally target).

Vanquished Creatures
  the Royal Jelly (Slime:5)
  A dread lich (Zot:1)
  An orb of fire (Zot:2)
  Mara (Elf:3)
  5 Killer Klowns (Zot:1)
  Bai Suzhen (Shoals:3)
  A golden dragon (Depths:4)
  Nikola (Vaults:3)
  A bone dragon (Depths:4)
  3 doom hounds (Depths:4)
  2 iron giants (Depths:1)
  4 tentacled monstrosities
  A hellephant (Depths:1)
  Mlioglotl (Shoals:3)
  A walking earthen tome (Depths:3)
  Grunn (Depths:4)
  3 titans (Depths:1)
  Asterion (Elf:3)
  A quicksilver dragon (Zot:2)
  3 liches
  2 deep elf blademasters (Elf:3)
  14 acid blobs
  5 sphinxes
  2 deep elf master archers (Elf:3)
  Kirke (Snake:2)
  4 death cobs (Zot:1)
  A kraken (Shoals:4)
  A storm dragon (Depths:1)
  2 shadow dragons
  2 tengu reavers
  9 nagarajas
  A draconian knight (Depths:4)
  7 rockslimes
  12 frost giants
  8 fire giants
  10 vault wardens
  4 deep elf sorcerers
  6 azure jellies
  Aizul (Shoals:3)
  An iron dragon (Depths:1)
  2 draconian scorchers (Depths:4)
  4 orc warlords
  7 very ugly things
  A draconian annihilator (WizLab)
  15 ironbound preservers
  6 deep elf elementalists (Elf:3)
  4 formless jellyfish
  6 quicksilver oozes
  2 war gargoyles (Depths:1)
  A vampire knight (Vaults:3)
  7 stone giants
  6 ironbound thunderhulks
  2 black draconians (Depths:4)
  6 deep elf demonologists (Elf:3)
  A green draconian (Zot:2)
  13 dire elephants
  10 purple draconians
  Azrael (Elf:2)
  3 red draconians
  2 yellow draconians
  6 deep elf annihilators
  6 deep elf death magi (Elf:3)
  The ghost of Anon1729 the Cleaver, a journeyman MiMo of Nemelex Xobeh (D:14)
  5 spark wasps
  5 statues (WizLab)
  A crystal guardian (Vaults:3)
  An eidolon (Vaults:3)
  11 fire dragons
  6 merfolk javelineers (Shoals:4)
  4 ettins
  4 vault guards
  2 deep elf high priests
  4 merfolk impalers
  4 entropy weavers
  10 great orbs of eyes
  8 yaktaur captains
  A peacekeeper (Vaults:3)
  2 hydras
  6 ice dragons
  2 spriggan air magi
  3 rakshasas
  8 ironbound frosthearts
  3 ogre magi
  A juggernaut simulacrum (Depths:2)
  5 salamander tyrants
  4 catoblepae
  4 anacondas
  5 boulder beetles
  33 centaur warriors
  2 merfolk aquamancers (Shoals:4)
  3 alligator snapping turtles
  13 dancing weapons
  11 death yaks
  A spriggan skeleton (Depths:2)
  16 two-headed ogres
  17 naga warriors
  A satyr (Shoals:2)
  5 tengu warriors
  A death knight (Vaults:3)
  A shock serpent (Snake:2)
  A vampire mage (Depths:1)
  3 deep troll shamans
  5 deep troll earth magi
  An orc high priest (Orc:2)
  4 spriggan berserkers
  Sonja (Lair:2)
  8 naga sharpshooters
  5 deep elf knights
  2 skysharks
  5 hell knights
  5 iron trolls
  9 salamander mystics
  2 sea snakes
  3 glowing orange brains
  6 deep elf archers
  A spark wasp zombie (Depths:2)
  44 deep trolls
  2 lindwurms (Vaults:2)
  8 naga ritualists
  A harpy (shapeshifter) (Vaults:3)
  5 large abominations (Elf:2)
  16 ironbound convokers
  3 wizards
  8 harpies
  9 mana vipers
  Pikel (D:7)
  4 orc sorcerers
  30 deep elf pyromancers
  3 shining eyes
  16 deep elf zephyrmancers
  6 necromancers
  A mana viper (shapeshifter) (Depths:2)
  13 fauns
  9 orc knights
  A moth of wrath (Zot:1)
  A frost giant zombie (Depths:2)
  10 cyclopes
  13 manticores
  24 ugly things
  16 salamanders
  A frost giant skeleton (Depths:2)
  30 black mambas
  4 merfolk sirens
  12 naga magi
  3 water nymphs
  3 eyes of devastation
  6 guardian serpents
  6 elephants
  15 vault sentinels
  8 cane toads
  2 kobold demonologists
  A rime drake (Lair:1)
  8 yaktaurs
  A freezing wraith (D:14)
  5 komodo dragons
  A guardian mummy (Depths:1)
  17 tengu conjurers
  2 wind drakes
  8 trolls
  3 meliai (D:15)
  A hornet (Depths:1)
  12 merfolk
  A tyrant leech (Shoals:3)
  3 polar bears (D:11)
  5 snapping turtles
  17 blink frogs
  83 slime creatures
  8 dream sheep
  2 air elementals
  5 centaur simulacra (D:11)
  2 spriggans (Depths:1)
  3 wraiths
  4 water elementals
  4 wyverns
  A fire elemental (Elf:1)
  20 yaks
  A fire bat (Orc:2)
  5 golden eyes (Slime:5)
  A basilisk (D:13)
  4 hogs (Snake:2)
  3 redbacks (Vaults:1)
  2 steam dragons
  7 vampire mosquitoes (D:11)
  Menkaure (D:5)
  53 nagas
  An ogre zombie (Vaults:1)
  An acid dragon (D:14)
  3 hell hounds (Elf:2)
  7 water moccasins
  A glowing shapeshifter skeleton (Vaults:1)
  2 floating eyes (Depths:2)
  15 orc warriors
  4 black bears
  2 ice beasts
  5 ogres
  7 small abominations (Elf:2)
  2 centaurs
  2 boggarts (D:15)
  5 wolves
  4 kobold brigands
  An earth elemental (Elf:1)
  4 bullfrogs
  2 gnoll sergeants
  5 scorpions
  5 wights
  5 electric eels
  9 hexers
  6 howler monkeys
  2 jellies
  A gnoll bouda (D:10)
  2 hounds
  9 orc priests
  22 orc wizards
  Terence (D:3)
  Natasha (thrice) (D:3)
  3 iguanas (D:5)
  10 gnolls
  3 adders
  A shadow imp (D:8)
  4 white imps
  5 ufetubi
  2 worms (D:2)
  2 dart slugs
  90 orcs
  5 bats
  5 endoplasms
  4 giant cockroaches
  4 goblins
  6 hobgoblins
  7 jackals
  A quokka (D:2)
  3 ball pythons
  3 frilled lizards
  15 kobolds
  5 rats
  A spectral weapon (Elf:3)
1458 creatures vanquished.

Vanquished Creatures (collateral kills)
  A golden dragon (Zot:1)
  A hellephant (Depths:1)
  A walking earthen tome (Depths:3)
  A walking divine tome (Depths:3)
  5 acid blobs
  A sphinx (Depths:4)
  A shadow dragon (Zot:2)
  Agnes (D:15)
  An azure jelly (Slime:5)
  A nagaraja (Snake:3)
  Ilsuiw (Shoals:4)
  A deep elf sorcerer (Elf:3)
  2 frost giants (Depths:1)
  2 fire giants
  2 ironbound preservers (Vaults:4)
  2 quicksilver oozes
  A very ugly thing (Depths:2)
  An ironbound thunderhulk (Vaults:3)
  A deep elf demonologist (Elf:3)
  4 dire elephants
  2 spark wasps (Depths:2)
  A purple draconian (WizLab)
  4 statues (WizLab)
  A fire dragon (D:13)
  2 merfolk impalers
  A deep elf death mage (Elf:3)
  3 ettins
  A yaktaur captain (Vaults:4)
  A great orb of eyes (Vaults:2)
  A deep elf high priest (Elf:3)
  A vault guard (Vaults:4)
  A rakshasa (D:13)
  3 ice dragons
  A catoblepas (Lair:3)
  5 centaur warriors (Vaults:2)
  2 ironbound frosthearts
  4 two-headed ogres
  Erica (D:8)
  2 merfolk avatars
  A dancing weapon (Elf:1)
  4 naga warriors
  An alligator snapping turtle (Shoals:2)
  4 death yaks
  2 naga sharpshooters
  2 orc high priests (Orc:2)
  A spriggan berserker (Depths:4)
  A hell knight (Depths:2)
  3 skysharks
  4 salamander mystics
  9 deep trolls
  2 naga ritualists
  A lindwurm (Vaults:2)
  A phantasmal warrior (Vaults:3)
  3 orc knights
  2 harpies (Shoals:4)
  3 ironbound convokers
  4 ugly things
  A necromancer (Depths:2)
  A wizard (Depths:2)
  5 deep elf pyromancers
  4 mana vipers
  4 orc sorcerers
  3 fauns
  2 deep elf zephyrmancers
  A mana viper (shapeshifter) (Elf:2)
  3 shining eyes
  6 elephants
  3 manticores
  3 salamanders
  2 merfolk sirens
  2 vault sentinels
  3 black mambas
  Joseph (D:8)
  3 water nymphs
  3 naga magi
  A gargoyle (D:13)
  4 unseen horrors
  2 cane toads
  2 komodo dragons
  2 yaktaurs (Vaults:4)
  A rime drake (Lair:3)
  3 tengu conjurers
  A guardian mummy (Depths:1)
  5 merfolk
  2 trolls
  A hornet (shapeshifter) (D:15)
  3 wind drakes
  A hornet (Depths:1)
  Prince Ribbit (D:9)
  3 dream sheep (Lair:3)
  7 blink frogs
  3 snapping turtles
  10 slime creatures
  4 centaur simulacra (D:11)
  A wyvern (D:10)
  2 water elementals (Shoals:4)
  3 spriggans (Bailey)
  A vampire (D:13)
  A wraith (D:13)
  15 yaks
  2 fire bats (Orc:2)
  3 golden eyes (Slime:5)
  3 fire elementals (Zot:2)
  A steam dragon (D:7)
  2 basilisks
  3 vampire mosquitoes
  10 nagas
  2 acid dragons
  4 water moccasins
  A warg (Orc:2)
  A black bear (D:10)
  3 ice beasts (D:11)
  5 ogres
  10 orc warriors
  A boggart (D:15)
  2 wolves
  A centaur (D:13)
  A lemure (D:8)
  2 kobold brigands
  3 bullfrogs
  A gnoll sergeant (D:10)
  A human skeleton (Vaults:1)
  3 wights
  2 electric eels
  3 howler monkeys
  7 orc priests
  13 orc wizards
  A boggart simulacrum (D:11)
  11 gnolls
  2 white imps (D:11)
  18 orcs
  6 kobolds
  A fire vortex (Depths:1)
374 creatures vanquished.

Vanquished Creatures (others)
  A Killer Klown (Zot:1)
  A nagaraja (Snake:3)
  A wizard (Depths:1)
  An orc warlord (Vaults:1)
  A naga warrior (Snake:4)
  A deep elf knight (Elf:2)
  A deep elf zephyrmancer (Elf:1)
  A deep elf pyromancer (Elf:2)
  A salamander (Snake:3)
  A manticore (Lair:3)
  A black mamba (Snake:3)
  A tengu conjurer (WizLab)
  A spriggan (Bailey)
  A fire elemental (Elf:2)
  A human (Snake:2)
  A vampire mosquito (D:10)
  An electric eel (D:11)
  90 hexers
107 creatures vanquished.

Grand Total: 1939 creatures vanquished

Notes
Turn   | Place    | Note
-------+----------+-------------------------------------------
     0 | D:1      | Anon1729 the Octopode Monk began the quest for the Orb.
     0 | D:1      | Reached XP level 1. HP: 16/16 MP: 1/1
   102 | D:1      | Reached skill level 1 in Stealth
   124 | D:1      | Reached XP level 2. HP: 21/21 MP: 2/2
   212 | D:1      | You fall into a shaft and drop 1 floor!
   501 | D:2      | Reached XP level 3. HP: 7/26 MP: 3/3
  1272 | D:2      | Reached XP level 4. HP: 20/31 MP: 4/4
  1518 | D:3      | Found a faded altar of an unknown god.
  1673 | D:3      | Found a shimmering blue altar of Sif Muna.
  1792 | D:3      | Noticed Natasha
  2031 | D:3      | Noticed Terence
  2105 | D:3      | Found a glowing golden altar of the Shining One.
  2120 | D:3      | Reached XP level 5. HP: 22/36 MP: 5/5
  2508 | D:3      | Found an ancient bone altar of Kikubaaqudgha.
  2508 | D:3      | Found an iron altar of Okawaru.
  2797 | D:3      | Killed Natasha
  2801 | D:3      | Noticed Natasha
  2813 | D:3      | Killed Natasha
  2893 | D:3      | Noticed Natasha
  2912 | D:3      | Killed Natasha
  3040 | D:3      | Killed Terence
  3041 | D:3      | Reached XP level 6. HP: 37/43 MP: 6/6
  3205 | D:3      | Reached skill level 5 in Stealth
  3458 | D:4      | Reached skill level 5 in Unarmed Combat
  3546 | D:4      | Reached XP level 7. HP: 48/48 MP: 7/7
  3607 | D:4      | Identified the +6 dagger "Vimy" {heavy, rPois Will+ Str-2
                  | Dex+5}
  3824 | D:5      | Entered Level 5 of the Dungeon
  4016 | D:5      | Found Ewoozeti's Antique Armour Boutique.
  4022 | D:5      | Reached skill level 1 in Evocations
  4321 | D:5      | Noticed Menkaure
  4325 | D:5      | Killed Menkaure
  4326 | D:5      | Reached XP level 8. HP: 54/54 MP: 8/8
  5745 | D:6      | Reached skill level 5 in Dodging
  6055 | D:6      | Reached skill level 5 in Fighting
  6291 | D:6      | Reached XP level 9. HP: 50/61 MP: 9/9
  7497 | D:6      | Upgraded the game from 0.31-a0-188-g5e087ee2ca to
                  | 0.31-a0-196-g86fe4a5e66
  7544 | D:7      | Reached skill level 5 in Evocations
  7978 | D:7      | Found a staircase to the Ecumenical Temple.
  7987 | Temple   | Entered the Ecumenical Temple
  8162 | Temple   | Became a worshipper of Hepliaklqana the Forgotten
  8162 | Temple   | Reached * piety under Hepliaklqana
  8162 | Temple   | Reached ** piety under Hepliaklqana
  8163 | Temple   | Remembered your ancestor Friðuswiþ as a hexer
  8207 | D:7      | Identified the +0 hat "Hoffewa" {Harm Dex+5}
  8545 | D:8      | Noticed Pikel
  8595 | D:7      | Killed Pikel
  8596 | D:7      | Reached skill level 10 in Stealth
  8615 | D:8      | Noticed Joseph
  8694 | D:8      | Reached XP level 10. HP: 21/61 MP: 10/10
  8843 | D:8      | Identified the +5 flail "Jonik" {heavy, rF++}
  8852 | D:8      | Noticed Erica
  9085 | D:9      | Noticed a two-headed ogre
  9143 | D:9      | Killed a two-headed ogre
  9625 | D:9      | Noticed Prince Ribbit
  9630 | D:9      | Killed Prince Ribbit
  9631 | D:9      | Reached skill level 1 in Invocations
 10088 | D:9      | Noticed a two-headed ogre
 10354 | D:8      | Found a shadowy altar of Dithmenos.
 10892 | D:8      | Killed Joseph
 10893 | D:8      | Reached XP level 11. HP: 66/66 MP: 12/12
 10899 | D:8      | Killed Erica
 10900 | D:8      | Reached skill level 1 in Throwing
 11029 | D:8      | Noticed a two-headed ogre
 11036 | D:8      | Killed a two-headed ogre
 11317 | D:10     | Entered Level 10 of the Dungeon
 11319 | D:10     | Found a flagged portal.
 11430 | Bailey   | Entered a bailey
 11555 | Bailey   | Noticed a two-headed ogre
 11562 | Bailey   | Killed a two-headed ogre
 12635 | D:10     | Found a staircase to the Lair.
 12804 | D:10     | Found a staircase to the Orcish Mines.
 13170 | D:10     | Reached *** piety under Hepliaklqana
 13279 | D:11     | Identified the +4 broad axe "Hiwat" {pain, rC+ Int+3}
 13422 | D:11     | Reached skill level 10 in Unarmed Combat
 13422 | D:11     | Reached XP level 12. HP: 72/72 MP: 14/14
 13773 | D:11     | Reached skill level 1 in Spellcasting
 14309 | D:11     | Noticed a two-headed ogre
 14362 | D:11     | Killed a two-headed ogre
 15874 | Lair:1   | Entered Level 1 of the Lair of Beasts
 15901 | Lair:1   | Reached skill level 10 in Evocations
 16289 | Lair:1   | Reached skill level 1 in Transmutations
 16289 | Lair:1   | Reached skill level 1 in Earth Magic
 16610 | Lair:1   | Reached skill level 5 in Invocations
 16806 | Lair:2   | Noticed Sonja
 16827 | Lair:2   | Killed Sonja
 17010 | Lair:2   | Reached skill level 2 in Earth Magic
 17010 | Lair:2   | Reached XP level 13. HP: 79/79 MP: 16/16
 17225 | Lair:2   | Reached **** piety under Hepliaklqana
 17565 | Lair:2   | Reached skill level 3 in Earth Magic
 17912 | Lair:2   | Learned a level 6 spell: Statue Form
 18053 | Lair:3   | Found a shadowy altar of Dithmenos.
 18061 | Lair:3   | Found a staircase to the Shoals.
 18064 | Lair:3   | Identified the +6 bardiche "Hummep" {pain, Contam rPois
                  | Will+ Dex+3}
 18419 | Lair:3   | Reached skill level 4 in Earth Magic
 18856 | Lair:3   | Found a staircase to the Snake Pit.
 19376 | Lair:3   | Learned a level 5 spell: Lee's Rapid Deconstruction
 19392 | Lair:3   | HP: 1/80 [death yak (25)]
 19821 | Orc:1    | Entered Level 1 of the Orcish Mines
 19821 | Orc:1    | Found a radiant altar of Vehumet.
 20472 | D:12     | Found a broken altar of Ashenzari.
 21167 | D:12     | Reached skill level 5 in Earth Magic
 21498 | D:13     | Reached skill level 5 in Transmutations
 21566 | D:13     | Reached ***** piety under Hepliaklqana
 21749 | D:13     | Reached skill level 15 in Stealth
 22036 | D:13     | Noticed a rakshasa
 22043 | D:13     | Reached XP level 14. HP: 62/85 MP: 18/18
 23422 | D:13     | Reached skill level 6 in Earth Magic
 23876 | D:13     | Identified the ring "Nefen" {rPois rF+ rC+ Str+6 Dex+8}
 23931 | D:13     | Identified the +1 sling of Iguluor {freeze, *Slow Fragile
                  | rElec rPois}
 24271 | D:14     | Found a gate to the Vaults.
 24392 | D:14     | Found a runed translucent door.
 25156 | D:14     | Reached skill level 7 in Earth Magic
 25648 | D:14     | Noticed Anon1729's ghost (journeyman MiMo)
 25945 | Orc:1    | Noticed an orc warlord
 25960 | Orc:1    | Killed an orc warlord
 26030 | D:10     | Gained mutation: You occasionally lose the ability to drink
                  | potions when taking damage. [mutagenic glow]
 26359 | Orc:1    | Found Jamuydgho's General Store.
 26362 | Orc:1    | Bought a scroll of fog for 68 gold pieces
 26362 | Orc:1    | Bought a potion of degeneration for 17 gold pieces
 26499 | Orc:2    | Entered Level 2 of the Orcish Mines
 26910 | Orc:2    | Found a dark tunnel.
 26934 | Volcano  | Entered a volcano
 27070 | Volcano  | Lost mutation: You occasionally lose the ability to drink
                  | potions when taking damage. [potion of mutation]
 27070 | Volcano  | Gained mutation: You occasionally lose the ability to read
                  | scrolls when taking damage. [potion of mutation]
 27071 | Volcano  | Lost mutation: You occasionally lose the ability to read
                  | scrolls when taking damage. [potion of mutation]
 27071 | Volcano  | Gained mutation: You have hidden genetic potential. [potion
                  | of mutation]
 27071 | Volcano  | Gained mutation: You are covered in fur. (AC +1) [potion of
                  | mutation]
 27071 | Volcano  | Lost mutation: You are covered in fur. (AC +1) [potion of
                  | mutation]
 27554 | Orc:2    | Reached skill level 8 in Earth Magic
 27556 | Orc:2    | Reached XP level 15. HP: 92/92 MP: 4/19
 28266 | Orc:2    | Found Ojuach's Distillery.
 28266 | Orc:2    | Found Hivocsirch's Jewellery Shoppe.
 28268 | Orc:2    | Found Rasanar's Armour Shop.
 28268 | Orc:2    | Found Qyadd's Book Shoppe.
 28272 | Orc:2    | Reached skill level 10 in Fighting
 28276 | Orc:2    | Bought a potion of berserk rage for 65 gold pieces
 28278 | Orc:2    | Bought a +2 hat of see invisible for 315 gold pieces
 28288 | Orc:2    | Bought the ring "Keon" {Ice rElec rPois MP-9 Int-2} for 325
                  | gold pieces
 28293 | Orc:2    | Bought a potion of curing for 39 gold pieces
 28293 | Orc:2    | Bought a potion of curing for 39 gold pieces
 28293 | Orc:2    | Bought a potion of might for 52 gold pieces
 28293 | Orc:2    | Bought a potion of magic for 104 gold pieces
 28293 | Orc:2    | Bought a potion of haste for 130 gold pieces
 28293 | Orc:2    | Bought a potion of magic for 104 gold pieces
 28293 | Orc:2    | Bought a potion of heal wounds for 65 gold pieces
 28293 | Orc:2    | Bought a potion of attraction for 39 gold pieces
 28293 | Orc:2    | Bought a potion of magic for 104 gold pieces
 28293 | Orc:2    | Bought a potion of haste for 130 gold pieces
 28453 | Orc:2    | Noticed an orc warlord
 28677 | Orc:2    | Reached skill level 10 in Dodging
 28681 | Orc:2    | Killed an orc warlord
 28747 | Orc:2    | Found a staircase to the Elven Halls.
 28776 | Orc:2    | Found Gezegrar's Antique Weapon Boutique.
 29612 | Lair:4   | Reached skill level 9 in Earth Magic
 29767 | Lair:4   | Identified a scroll of acquirement
 30481 | Lair:4   | Acquired 770 gold pieces
 30495 | Lair:5   | Entered Level 5 of the Lair of Beasts
 30495 | Lair:5   | Found a staircase to the Slime Pits.
 30795 | Lair:5   | Gained mutation: Your system is resistant to poisons.
                  | (rPois) [hidden potential]
 31525 | Lair:5   | Reached skill level 10 in Transmutations
 31525 | Lair:5   | Reached skill level 10 in Earth Magic
 31534 | Lair:5   | Reached XP level 16. HP: 84/99 MP: 18/20
 32057 | D:15     | Entered Level 15 of the Dungeon
 32065 | D:15     | Found Soufrirph's Book Shoppe.
 32427 | D:15     | Found a staircase to the Depths.
 32495 | D:15     | Reached skill level 5 in Throwing
 32840 | D:15     | Noticed Agnes
 32845 | D:15     | Killed Agnes
 33117 | D:15     | Learned a level 4 spell: Petrify
 33272 | Elf:1    | Entered Level 1 of the Elven Halls
 33539 | Elf:1    | Gained mutation: You are partially covered in iridescent
                  | scales. (AC +2) [hidden potential]
 33539 | Elf:1    | Lost mutation: You have hidden genetic potential. [hidden
                  | potential expressed]
 33570 | Elf:1    | Reached skill level 11 in Earth Magic
 33574 | Elf:1    | Found a flickering gateway to a bazaar.
 33616 | Bazaar   | Entered a bazaar
 33644 | Bazaar   | Found Keutonag's Jewellery Boutique.
 33666 | Bazaar   | Found Zupohal's Antique Armour Emporium.
 33687 | Bazaar   | Found Ystyoqel's General Store.
 33707 | Bazaar   | Found Qukla's Antique Weapon Shoppe.
 33749 | Bazaar   | Bought a potion of might for 24 gold pieces
 33749 | Bazaar   | Bought a potion of brilliance for 24 gold pieces
 33749 | Bazaar   | Bought a scroll of immolation for 24 gold pieces
 33749 | Bazaar   | Bought a scroll of vulnerability for 24 gold pieces
 33749 | Bazaar   | Bought 6 atropa-tipped darts for 32 gold pieces
 33749 | Bazaar   | Bought a potion of heal wounds for 30 gold pieces
 33883 | Elf:1    | Identified the ring of Elitism {rElec rPois rC+ AC+4}
 34178 | Elf:1    | Got the Directory of Assistive Battling
 34411 | Elf:1    | Reached ****** piety under Hepliaklqana
 34780 | Elf:2    | Noticed Azrael
 34801 | Elf:2    | Killed Azrael
 35065 | Elf:2    | Reached XP level 17. HP: 105/105 MP: 9/21
 35158 | Elf:2    | Found Kiov's Weapon Shop.
 35602 | Elf:2    | Found a runed translucent gate.
 35602 | Elf:2    | Found a runed translucent gate.
 35603 | Elf:2    | Found a runed translucent gate.
 35826 | Elf:2    | Found the +12 pair of quick blades "Gyre" and "Gimble"
                  | {protect}
 35988 | Elf:3    | Entered Level 3 of the Elven Halls
 36287 | Elf:3    | Noticed Asterion
 36303 | Elf:3    | Killed Asterion
 36653 | Elf:3    | Found Waowk's General Store.
 36653 | Elf:3    | Found Paothum's Antique Weapon Boutique.
 36655 | Elf:3    | Found Qobbim's Antique Weapon Shop.
 36659 | Elf:3    | Found Biskequd's Antique Weapon Boutique.
 36662 | Elf:3    | Bought a potion of haste for 170 gold pieces
 36662 | Elf:3    | Bought 2 potions of might for 136 gold pieces
 37148 | Elf:3    | Noticed a deep elf master archer
 37153 | Elf:3    | Killed a deep elf master archer
 37282 | Elf:3    | Reached skill level 10 in Throwing
 37284 | Elf:3    | Reached skill level 12 in Earth Magic
 37296 | Elf:3    | Noticed a deep elf master archer
 37297 | Elf:3    | Noticed a deep elf blademaster
 37299 | Elf:3    | Identified the +3 scimitar of Conflict {heavy, Str+3 Int+2}
 37299 | Elf:3    | Noticed Mara
 37303 | Elf:3    | Noticed an Executioner
 37561 | Elf:3    | Identified the +1 flail of Woatuh {drain, SInv}
 37595 | Elf:3    | Identified the ring of Spontaneous Combustion {rC+ Str+4
                  | Slay-2}
 37595 | Elf:3    | Noticed a deep elf blademaster
 37607 | Elf:3    | Killed a deep elf blademaster
 38099 | Elf:3    | Identified the +2 spear of Sloth {holy, rC++}
 38120 | Elf:3    | Noticed a Hell Sentinel
 38121 | Elf:3    | Killed Mara
 38437 | Elf:3    | Noticed a Brimstone Fiend
 38762 | Elf:3    | Identified the +8 short sword "Arogocw" {freeze, rElec
                  | Will+}
 38767 | Elf:3    | Killed a deep elf blademaster
 38859 | Elf:3    | Killed a deep elf master archer
 38931 | Elf:3    | Got the Annotations on Red Enchantment
 38979 | Elf:3    | Got the Vademecum on Malediction
 39007 | Elf:3    | Identified the +2 pair of gloves of Forking Paths {Contam
                  | rPois Int+5 Slay-3}
 39323 | Snake:1  | Entered Level 1 of the Snake Pit
 39330 | Snake:1  | Found Jidieff's Magic Scroll Shop.
 39335 | Snake:1  | Found Vaipnor's Assorted Antiques.
 39343 | Snake:1  | Reached XP level 18. HP: 112/112 MP: 18/24
 39344 | Snake:1  | Bought a scroll of fear for 48 gold pieces
 39344 | Snake:1  | Bought a scroll of immolation for 48 gold pieces
 39344 | Snake:1  | Bought a scroll of immolation for 48 gold pieces
 39344 | Snake:1  | Bought a scroll of immolation for 48 gold pieces
 39350 | Snake:1  | Bought a potion of might for 140 gold pieces
 39350 | Snake:1  | Bought a scroll of revelation for 262 gold pieces
 39350 | Snake:1  | Bought a wand of charming (5) for 420 gold pieces
 39478 | Snake:1  | Reached skill level 1 in Ice Magic
 40648 | Snake:2  | Found a flickering gateway to a bazaar.
 40674 | Bazaar   | Entered a bazaar
 40694 | Bazaar   | Found Zuben's Antique Armour Shoppe.
 40696 | Bazaar   | Found Cibeotu's Assorted Antiques.
 40703 | Bazaar   | Found Coen's Antique Weapon Shop.
 40709 | Bazaar   | Found Poherone's Book Shop.
 40715 | Bazaar   | Found Racaetuafu's Magic Scroll Shoppe.
 40724 | Bazaar   | Bought a scroll of blinking for 97 gold pieces
 40724 | Bazaar   | Bought a scroll of teleportation for 39 gold pieces
 40724 | Bazaar   | Bought a scroll of vulnerability for 52 gold pieces
 40724 | Bazaar   | Bought a scroll of immolation for 52 gold pieces
 40739 | Bazaar   | Learned a level 5 spell: Irradiate
 40750 | Bazaar   | Bought a scroll of vulnerability for 132 gold pieces
 40750 | Bazaar   | Bought a scroll of fear for 132 gold pieces
 40750 | Bazaar   | Bought a potion of attraction for 99 gold pieces
 40756 | Bazaar   | Bought a runed hat for 126 gold pieces
 40889 | Snake:2  | Noticed Kirke
 40899 | Snake:2  | Killed Kirke
 40953 | Snake:2  | Found Ikipixo's Distillery.
 40961 | Snake:2  | Bought a potion of cancellation for 104 gold pieces
 40961 | Snake:2  | Bought a potion of might for 52 gold pieces
 40961 | Snake:2  | Bought a potion of curing for 39 gold pieces
 40961 | Snake:2  | Bought a potion of curing for 39 gold pieces
 40961 | Snake:2  | Bought a potion of heal wounds for 65 gold pieces
 40961 | Snake:2  | Bought 2 potions of curing for 78 gold pieces
 40961 | Snake:2  | Bought a potion of curing for 39 gold pieces
 41005 | Snake:2  | Found Moankeb's Distillery.
 41008 | Snake:2  | Found Reoniowa's Weapon Shoppe.
 41617 | Snake:3  | Reached skill level 1 in Conjurations
 41626 | Snake:3  | Reached skill level 13 in Earth Magic
 41735 | Snake:3  | Reached skill level 5 in Spellcasting
 42046 | Snake:3  | Got the Vellum of Maleficia and the Scorpion
 42186 | Snake:3  | Found a shimmering blue altar of Sif Muna.
 42190 | Snake:3  | Found a transporter.
 42668 | Snake:4  | Entered Level 4 of the Snake Pit
 42782 | Snake:4  | Reached XP level 19. HP: 68/118 MP: 9/27
 43000 | Snake:4  | Reached skill level 5 in Ice Magic
 43095 | Snake:4  | Found Meraaz's Jewellery Emporium.
 44451 | Snake:4  | Got a serpentine rune of Zot
 44825 | Shoals:1 | Entered Level 1 of the Shoals
 45816 | Shoals:2 | Identified the +8 short sword of the Endless Expanse
                  | {venom, rN+}
 46036 | Shoals:2 | Reached skill level 14 in Earth Magic
 46943 | D:14     | Killed Anon1729's ghost
 47251 | Shoals:3 | Found Uciothross's Jewellery Boutique.
 47326 | Shoals:3 | Found Ithut's Distillery.
 47327 | Shoals:3 | Noticed Mlioglotl
 47328 | Shoals:3 | Found Minakk's Antique Armour Shoppe.
 47337 | Shoals:3 | Killed Mlioglotl
 47341 | Shoals:3 | Found Xululag's Antique Weapon Shoppe.
 47366 | Shoals:3 | Noticed Bai Suzhen
 47379 | Shoals:3 | Killed Bai Suzhen
 47429 | Shoals:3 | Bought a potion of curing for 45 gold pieces
 47429 | Shoals:3 | Bought a potion of heal wounds for 75 gold pieces
 47429 | Shoals:3 | Bought a potion of heal wounds for 75 gold pieces
 47429 | Shoals:3 | Bought a potion of haste for 150 gold pieces
 47521 | Shoals:3 | Noticed Aizul
 47530 | Shoals:3 | Killed Aizul
 47989 | Shoals:3 | Found Zagiteil's Magic Scroll Shoppe.
 48025 | Shoals:4 | Entered Level 4 of the Shoals
 48036 | Shoals:4 | Found a glowing silver altar of Zin.
 48049 | Shoals:4 | Found a flickering gateway to a bazaar.
 48173 | Shoals:4 | Identified the +6 mace "Ofeac" {freeze, Fly rN++}
 48328 | Bazaar   | Entered a bazaar
 48342 | Bazaar   | Found Reut's Magic Scroll Emporium.
 48342 | Bazaar   | Found Nolear's Book Shoppe.
 48364 | Bazaar   | Found Zesaonux's Antique Armour Shoppe.
 48380 | Bazaar   | Found Jiepti Pid's Antique Armour Emporium.
 48396 | Bazaar   | Found Gicuetoco's Weapon Shoppe.
 48577 | Shoals:4 | Reached XP level 20. HP: 126/126 MP: 23/29
 48690 | Shoals:4 | Gained mutation: You occasionally lose the ability to drink
                  | potions when taking damage. [mutagenic glow]
 48728 | Shoals:4 | Got a barnacled rune of Zot
 49015 | Shoals:4 | Identified the amulet "Fesk" {rElec Regen+ Dex+6 SInv}
 49160 | Shoals:4 | Got The Arcane Secrets of Gnosis
 49390 | Shoals:4 | Noticed Ilsuiw
 49398 | Shoals:4 | Killed Ilsuiw
 49814 | Vaults:1 | Entered Level 1 of the Vaults
 49900 | Vaults:1 | Reached skill level 5 in Conjurations
 50833 | Vaults:1 | Found Jacepnun's Book Shoppe.
 51633 | Vaults:2 | Reached skill level 15 in Earth Magic
 51876 | Vaults:2 | Reached skill level 15 in Unarmed Combat
 52000 | Vaults:2 | Reached XP level 21. HP: 118/131 MP: 23/31
 52180 | Vaults:2 | Reached skill level 15 in Throwing
 52789 | Vaults:2 | Found Puregugo's Antique Weapon Emporium.
 53882 | Vaults:3 | Found Oragut's General Store.
 53888 | Vaults:3 | Bought a scroll of fog for 60 gold pieces
 53888 | Vaults:3 | Bought 3 scrolls of teleportation for 135 gold pieces
 53888 | Vaults:3 | Bought 2 potions of heal wounds for 150 gold pieces
 53888 | Vaults:3 | Bought a potion of invisibility for 120 gold pieces
 54212 | Vaults:3 | Found a staircase to the Crypt.
 54373 | Vaults:3 | Reached skill level 16 in Earth Magic
 54839 | Vaults:3 | Noticed Nikola
 54847 | Vaults:3 | Killed Nikola
 55453 | Vaults:4 | Reached XP level 22. HP: 138/138 MP: 34/34
 55512 | Vaults:4 | Found Vysal's Magic Scroll Boutique.
 55545 | Vaults:4 | Bought a scroll of blinking for 142 gold pieces
 55545 | Vaults:4 | Bought a scroll of vulnerability for 76 gold pieces
 55545 | Vaults:4 | Bought a scroll of poison for 76 gold pieces
 55687 | Vaults:4 | Reached skill level 15 in Transmutations
 56620 | Depths:1 | Entered Level 1 of the Depths
 56643 | Depths:1 | Found a blossoming altar of Fedhas.
 56664 | Depths:1 | Found a magical portal.
 56760 | WizLab   | Entered Iskenderun's Mystic Tower
 57567 | WizLab   | Reached skill level 17 in Earth Magic
 58014 | WizLab   | Got Iskenderun's Directory of Arcane Combat
 58014 | WizLab   | Got Iskenderun's Essays on Energy
 58144 | WizLab   | Learned a level 6 spell: Leda's Unmaking
 58154 | WizLab   | Learned a level 9 spell: Shatter
 58294 | Depths:1 | Found a one-way gate to the infinite horrors of the Abyss.
 58352 | Depths:1 | Found a portal to a secret trove of treasure.
 58463 | Depths:1 | Found a hide-covered altar of Uskayaw.
 58582 | Depths:1 | Found a gateway to Hell.
 58594 | Depths:1 | Reached skill level 18 in Earth Magic
 58653 | Depths:1 | Found a runed translucent door.
 59793 | Depths:1 | Reached XP level 23. HP: 13/144 MP: 31/35
 60260 | Depths:1 | Identified the ring "Apsuhagg" {AC+4 Slay+3}
 60261 | Depths:1 | Reached skill level 19 in Earth Magic
 60281 | Depths:1 | Found a runed translucent door.
 60617 | Depths:1 | Got Dezeigg's Writings on Lava
 60622 | Depths:1 | Got the Writings on the Storm
 60626 | Depths:1 | Got Sif Muna's Disquisition on Metal
 60636 | Depths:1 | Got the Codex of Chilblains
 60958 | Depths:2 | Found a bloodstained altar of Trog.
 61061 | Depths:2 | Found a one-way gate leading to the halls of Pandemonium.
 61198 | Depths:2 | Reached skill level 20 in Earth Magic
 62121 | Depths:2 | Found a one-way gateway to a ziggurat.
 62129 | Depths:2 | Gained mutation: You possess an exceptional clarity of
                  | mind. [a shining eye]
 62131 | Depths:2 | Paralysed by a floating eye for 2 turns
 62134 | Depths:2 | Gained mutation: Your body sometimes deteriorates upon
                  | taking damage. [a shining eye]
 62141 | Depths:2 | Lost mutation: Your body sometimes deteriorates upon taking
                  | damage. [potion of mutation]
 62141 | Depths:2 | Lost mutation: You are partially covered in iridescent
                  | scales. (AC +2) [potion of mutation]
 62141 | Depths:2 | Gained mutation: You are partially covered in iridescent
                  | scales. (AC +2) [potion of mutation]
 62141 | Depths:2 | Lost mutation: Your system is resistant to poisons. (rPois)
                  | [potion of mutation]
 62142 | Depths:2 | Lost mutation: You occasionally lose the ability to drink
                  | potions when taking damage. [potion of mutation]
 62142 | Depths:2 | Lost mutation: You possess an exceptional clarity of mind.
                  | [potion of mutation]
 62142 | Depths:2 | Lost mutation: You are partially covered in iridescent
                  | scales. (AC +2) [potion of mutation]
 62142 | Depths:2 | Gained mutation: You are robust. (+10% HP) [potion of
                  | mutation]
 62142 | Depths:2 | Gained mutation: One of your tentacles bears a spike.
                  | [potion of mutation]
 62179 | Depths:2 | Found a gateway to a bazaar.
 62233 | Bazaar   | Entered a bazaar
 62233 | Bazaar   | Found Suluo's Armour Shoppe.
 62233 | Bazaar   | Found Inny's Antique Armour Emporium.
 62234 | Bazaar   | Found Regopeew's Jewellery Shoppe.
 62234 | Bazaar   | Found Vini's Weapon Emporium.
 62539 | Depths:3 | You fall into a shaft and drop 1 floor!
 62539 | Depths:4 | Entered Level 4 of the Depths
 62655 | Depths:4 | Reached skill level 21 in Earth Magic
 62914 | Depths:4 | Noticed a golden dragon
 62918 | Depths:4 | Found a gate to the Realm of Zot.
 62921 | Depths:4 | Killed a golden dragon
 63552 | Depths:4 | Noticed Grunn
 63566 | Depths:4 | Killed Grunn
 63832 | Depths:3 | Reached skill level 22 in Earth Magic
 63926 | Depths:3 | Reached XP level 24. HP: 166/166 MP: 29/35
 63991 | Depths:3 | Found a corrupted altar of Lugonu.
 64030 | Depths:3 | Found a white marble altar of Elyvilon.
 64030 | Depths:3 | Found a glowing silver altar of Zin.
 64030 | Depths:3 | Found a glowing golden altar of the Shining One.
 64088 | Depths:3 | Acquired 860 gold pieces
 64219 | Depths:3 | Found Turist's Jewellery Boutique.
 65447 | Slime:1  | Entered Level 1 of the Pits of Slime
 65450 | Slime:1  | Found a viscous altar of Jiyva.
 66364 | Slime:2  | Reached skill level 23 in Earth Magic
 66401 | Slime:2  | Gained mutation: You occasionally shout uncontrollably at
                  | your foes. [a shining eye]
 66403 | Slime:2  | Gained mutation: Your magical capacity is low. (-10% MP) [a
                  | shining eye]
 67158 | Snake:3  | Found a transporter.
 67918 | Slime:5  | Entered Level 5 of the Pits of Slime
 68124 | Slime:5  | Noticed the Royal Jelly
 68206 | Slime:5  | Killed the Royal Jelly
 68207 | Slime:5  | Reached skill level 24 in Earth Magic
 68273 | Slime:5  | Identified the ring of the Greedy {Dex+3 SInv}
 68284 | Slime:5  | Got a slimy rune of Zot
 68289 | Slime:5  | Identified the ring of the Greedy {rN+ rCorr MP+9}
 68574 | Slime:5  | Identified the +7 battleaxe of Vozi {speed, rElec Will+
                  | Int-3}
 68582 | Slime:5  | Identified the +3 rapier of the Lachrymose God {holy, *Rage
                  | Fly rC+ Int+6}
 68598 | Slime:5  | Identified the staff "Wuf Vat" {rElec rPois Str-3 Int+3
                  | Dex+3 Poison}
 68620 | Slime:5  | Got the Textbook on the United Xenotype
 68707 | Slime:5  | Gained mutation: You have a pair of small antennae on your
                  | head. [a shining eye]
 68709 | Slime:5  | Gained mutation: You occasionally lose the ability to read
                  | scrolls when taking damage. [a shining eye]
 68821 | Slime:5  | Gained mutation: You frequently scream uncontrollably at
                  | your foes. [a shining eye]
 69099 | Slime:5  | Identified the +0 helmet of Poor Excuses {-Cast Contam
                  | rElec rC+++}
 69479 | Zot:1    | Entered Level 1 of the Realm of Zot
 69479 | Zot:1    | Noticed a Killer Klown
 69479 | Zot:1    | Noticed a Killer Klown
 69479 | Zot:1    | Noticed a dread lich
 69479 | Zot:1    | Noticed a Killer Klown
 69481 | Zot:1    | Killed a dread lich
 69481 | Zot:1    | Killed a Killer Klown
 69481 | Zot:1    | Noticed a Killer Klown
 69483 | Zot:1    | Noticed a Killer Klown
 69483 | Zot:1    | Noticed a Killer Klown
 69621 | Depths:4 | Lost mutation: You frequently scream uncontrollably at your
                  | foes. [potion of mutation]
 69621 | Depths:4 | Lost mutation: You occasionally lose the ability to read
                  | scrolls when taking damage. [potion of mutation]
 69621 | Depths:4 | Lost mutation: Your magical capacity is low. (-10% MP)
                  | [potion of mutation]
 69621 | Depths:4 | Gained mutation: Your system is resistant to poisons.
                  | (rPois) [potion of mutation]
 69636 | Zot:1    | Killed a Killer Klown
 69636 | Zot:1    | Killed a Killer Klown
 69636 | Zot:1    | Killed a Killer Klown
 69766 | Zot:1    | Killed a Killer Klown
 69767 | Zot:1    | Reached skill level 25 in Earth Magic
 69771 | Zot:1    | Killed a Killer Klown
 69772 | Zot:1    | Reached XP level 25. HP: 127/171 MP: 17/35
 69772 | Zot:1    | Noticed Vv
 69960 | Zot:2    | Noticed an orb of fire
 69975 | Zot:2    | Killed an orb of fire
 70155 | Zot:2    | HP: 7/171 [tentacled monstrosity (2)]
 70155 | Zot:2    | Constricted to death by a tentacled monstrosity

Illustrated notes

Levels and vault maps discovered:
D:1:      ncdulo_watergridlock, layout_basic
D:2:      layout_rooms, nicolae_the_louvre
D:3:      layout_basic, nicolae_overflow_crystal_walls,
          overflow_temple_1_default, gammafunk_temple_overflow_pools,
          ebering_ecumenical_altar_rust, minmay_cupped, uniq_natasha,
          uniq_terence
D:4:      nicolae_cairo_tiling, layout_cave_pools
D:5:      layout_loops_ring, serial_shops, nicolae_shop_overgrown_old_shop,
          serial_rivers, chequers_serial_rivers_room_a,
          chequers_serial_rivers_micro_d, chequers_serial_rivers_small_3,
          chequers_serial_rivers_micro_b, chequers_serial_rivers_marsh,
          nrook_mini_vaults, uniq_menkaure
D:6:      layout_gridville, lightli_minifort
D:7:      layout_cave_pools, minmay_temple_entry_mist
D:8:      layout_gridville, nicolae_dithmenos_the_darkroom, uniq_erica,
          uniq_joseph, uniq_pikel
D:9:      layout_basic, serial_aquarium, aquarium_bridge_straight
          [aquarium_subvault_bridge, aquarium_subvault_wall,
          aquarium_subvault_bridge, aquarium_subvault_window],
          aquarium_bridge_long_joined [aquarium_subvault_window,
          aquarium_subvault_bridge, aquarium_subvault_window,
          aquarium_subvault_wall, aquarium_subvault_wall,
          aquarium_subvault_window], aquarium_window_2, aquarium_window_1,
          aquarium_window_corner, aquarium_window_1, aquarium_view_2a,
          aquarium_balcony_1b, aquarium_pool_1, grunt_ministairs_14,
          minmay_misc_feat_plants, uniq_prince_ribbit1
D:10:     layout_cave_pools, david_lair_generic, hiddenorc1_lemuel,
          enter_bailey_2
D:11:     layout_roguey, serial_ice, serial_ice_c, serial_ice_b, serial_ice_e,
          serial_ice_j, serial_ice_m, serial_ice_h, serial_ice_g, serial_ice_d,
          serial_ice_o, serial_ice_n, minivault_10
D:12:     layout_roguey, minivault_11, chequers_avenue,
          cheibrodos_ashenzari_chains
D:13:     minmay_the_grid_four_pointed_star
          [minmay_the_grid_triangle_9x9_zippers_vertical,
          minmay_the_grid_triangle_9x9_sparse_checkered,
          minmay_the_grid_triangle_9x9_stretched_checkered,
          minmay_the_grid_triangle_9x9_longest,
          minmay_the_grid_prize_trominoes], layout_stronghold
D:14:     layout_long_grid, erik_vaults_1, ebering_ghost_reflecting_pool,
          nrook_uturn
D:15:     grunt_enter_depths_hoard, layout_gridville, serial_shops,
          nicolae_book_shop_shelving, minivault_16, uniq_agnes
Temple:   minmay_crystal_spiral_temple
Lair:1:   layout_cellular_growth, lemuel_fruit_fields, serial_bayou_shore_a,
          serial_bayou_shore_b
Lair:2:   layout_long_grid, serial_bayou_pond_c, st_stairs_12,
          infiniplex_staircase_pool, uniq_sonja
Lair:3:   nzn_motion_control, layout_chaotic_city, minmay_shoals_entry_beasts,
          guppyfry_snake_entry_garden, basic_altar, grunt_megastairs_2
Lair:4:   layout_hall_layers
Lair:5:   grunt_lair_end_beastmaster, layout_loops_ring, slime_entry_1,
          lemuel_fruit_tree
Shoals:1: layout_shoals
Shoals:2: cheibrodos_shoals_satyrical_garden, layout_shoals, st_shoals_ruin
Shoals:3: layout_shoals, serial_shops, nicolae_shop_stone, shop,
          nicolae_shop_rolled_up, shop, shop, uniq_aizul, uniq_bai_suzhen,
          uniq_mlioglotl
Shoals:4: shoals_end_hangedman, layout_shoals, shoals_ilsuiw_alternative,
          serial_shops, bzr_entry_road, lemuel_altar_in_water
Snake:1:  layout_basic, nrook_loot_triangle, nicolae_snake_slithery_corners,
          grunt_megastairs_5, minmay_shop_star
Snake:2:  layout_gridlike, serial_shops, bzr_entry_dummy,
          nicolae_shop_gibbet_a_chance, shop, shop, uniq_kirke
Snake:3:  gammafunk_sealed_library, layout_rooms
Snake:4:  minmay_snake_end_coiled, layout_chambers, serial_shops,
          nicolae_shop_gaudy_bauble
Slime:1:  layout_caves, basic_altar
Slime:2:  layout_caves, nicolae_slime_ancient_tower_intersection
Slime:3:  layout_caves
Slime:4:  layout_caves
Slime:5
Orc:1:    layout_caves, basic_altar, serial_shops, nicolae_shop_behind_doors
Orc:2:    grunt_orc_tribal_feast, layout_caves, serial_shops,
          nicolae_shop_tiny_statue_garden, nicolae_volcano_entry_batcave
Elf:1:    eino_elf_arrival_customs, layout_geoelf_octagon, serial_shops,
          bzr_entry_lakeside, minmay_elf_sorcery, grunt_ministairs_12
Elf:2:    nicolae_elf_blades_splatter_lattice [nooodl_blade_entry_preview],
          layout_rooms, serial_shops, nicolae_shop_statue_plus, laboratory,
          uniq_azrael
Elf:3:    grunt_elf_hall_asides, layout_geoelf_diagonals,
          roderic_lattice_octagonal_star, minmay_shoptagon, uniq_mara,
          uniq_asterion
Vaults:1: nicolae_vaults_yaktaur_gun_rack, vaults_standard_mumra_lines,
          nicolae_vaults_diamond_2, nicolae_vaults_diagonal_hallway_9,
          ontoclasm_vaults_spin, nicolae_vaults_surprise_closet,
          vaults_mumra_hex, v_misc_1, nicolae_vaults_apartment_1,
          nicolae_vaults_offset_grid_hallway_3, nicolae_vaults_double_plus_1,
          layout_vaults_chaotic_city, serial_shops, nicolae_shop_mannequins
Vaults:2: nicolae_vaults_shelves_hall, nicolae_vaults_swerve,
          nicolae_vaults_little_squares_3, v_rooms_5,
          nicolae_vaults_storage_room_doors, dpeg_vaults_monster_row,
          vaults_mumra_minichess, v_pattern_1, v_rooms_5,
          nicolae_vaults_trapezoid_4, nicolae_vaults_border_crossing,
          nicolae_vaults_diamond_1, ontoclasm_vaults_pinch,
          ontoclasm_vaults_ligature, vaults_room_glass_cross,
          layout_vaults_omnibox, serial_shops, nicolae_square_shop
Vaults:3: v_alt_pattern_4, nicolae_vaults_mitosis,
          nicolae_vaults_shipping_containers_4, vaults_room_door_ring,
          minmay_crypt_entry_simple_corners, v_misc_16, grunt_vaults_swirl,
          nicolae_vaults_tetromino_Z_2, nicolae_vaults_sesquioval_fish,
          nicolae_vaults_little_squares_3, nicolae_vaults_octothorpe,
          nicolae_vaults_prndl, vaults_dpeg_hooks, layout_vaults_omnicross,
          serial_shops, shop, uniq_nikola
Vaults:4: nicolae_vaults_network_star, hangedman_vaults_stitches, v_misc_8,
          v_misc_28, ontoclasm_vaults_fault, nicolae_vaults_tetromino_L_1,
          nicolae_vaults_trapezoid_lopsided_4, nicolae_vaults_closet_pinwheel_2,
          vaults_dpeg_cross, nicolae_vaults_stepped_doors,
          nicolae_vaults_closet_pinwheel_6, nicolae_vaults_variable_pillar_hall,
          nicolae_vaults_angled_halls, layout_vaults_ring, serial_shops, shop
Depths:1: mu_elemental_laboratory, layout_gridlike, grunt_metal_band,
          marbit_kobold_abyss_entry, mu_enter_wizlab_6, fedhas_altar_1,
          nicolae_trove_entry_path_of_doom, nicolae_uskayaw_en_pointe
Depths:2: minmay_bubble_buster, layout_gridlike, enter_ziggurat_d, abyss_entry,
          serial_shops, bzr_entry_islet, bloody_trog, hell_entry,
          grunt_pan_entry_in_and_out, kennysheep_generic_room_5,
          infiniplex_staircase_zigzag_4
Depths:3: minmay_cut_squares, layout_basic, serial_shops,
          nicolae_shop_back_alley_shop, good_gods_mini_temple,
          abyss_entry_flame_altar, hell_entry
Depths:4: grunt_zot_entry_bicorn, layout_honeycomb, hell_entry,
          roderic_three_in_a_row, hangedman_abyss_or_decor_clamps, uniq_grunn
Zot:1:    ebering_klown_carousel, layout_onion_interference,
          ebering_ghost_inner_flame, uniq_vv
Zot:2:    lemuel_firehouse, layout_onion_interference, evilmike_ambush
          [evilmike_ambush_outer_corners, evilmike_ambush_inner_basic]

Skill      XL: |  1  2  3  4  5  6  7  8  9 10 11 12 13 14 15 16 17 18 19 20 21 22 23 24 |
---------------+-------------------------------------------------------------------------+-----
Stealth        | 1 2 3 4 5 6 8 10 11 13 14 15 | 15.0
Unarmed Combat | 4 5 6 7 9 10 11 12 13 14 15 | 15.6
Dodging        | 4 5 6 7 8 9 10 11 12 13 14 | 14.1
Fighting       | 4 5 6 7 8 9 10 11 12 13 14 | 14.2
Evocations     | 2 4 6 7 9 10 11 12 | 12.4
Invocations    | 2 3 5 6 |  6.3
Throwing       | 3 4 8 11 13 14 15 | 15.6
Spellcasting   | 2 3 4 5 6 7 8 |  8.6
Transmutations | 2 5 8 10 11 12 13 14 15 | 15.1
Earth Magic    | 2 5 8 10 11 12 13 14 15 16 18 22 25 | 25.4
Ice Magic      | 4 6 |  6.0
Conjurations   | 2 4 5 7 |  7.7

Action                     |  1- 3 |  4- 6 |  7- 9 | 10-12 | 13-15 | 16-18 | 19-21 | 22-24 | 25-27 || total
---------------------------+-------+-------+-------+-------+-------+-------+-------+-------+-------++-------
  Melee: Unarmed           |    68 |    11 |    75 |   267 |   560 |   640 |   893 |   837 |    20 ||  3371
         Constrict         |    17 |    31 |    52 |    65 |    89 |   131 |   131 |   103 |     2 ||   621
         Tentacles         |    11 |    27 |    57 |    76 |   179 |   196 |   304 |   357 |     9 ||  1216
         Punch             |     3 |     3 |    15 |    20 |    96 |    85 |   139 |   168 |     4 ||   533
         Short sword       |       |    88 |    79 |       |       |       |       |       |       ||   167
         Dagger            |       |       |    20 |       |       |       |       |       |       ||    20
         Kick              |       |       |       |       |       |       |       |   197 |    12 ||   209
         Staff             |       |       |       |       |       |       |       |    21 |     1 ||    22
  Throw: Dart              |       |       |     6 |   137 |   105 |     4 |       |     2 |     1 ||   255
   Cast: Lee's Rapid Decon |       |       |       |       |    13 |    27 |     4 |       |       ||    44
         Statue Form       |       |       |       |       |    13 |    64 |    77 |    93 |     5 ||   252
         Irradiate         |       |       |       |       |       |     5 |     9 |    14 |     2 ||    30
         Petrify           |       |       |       |       |       |       |     2 |       |       ||     2
         Shatter           |       |       |       |       |       |       |       |    14 |       ||    14
         Leda's Unmaking   |       |       |       |       |       |       |       |       |     1 ||     1
 Invoke: Recall Ancestor   |       |       |     4 |    11 |    13 |     2 |     4 |     3 |       ||    37
         Ancestor Life: He |       |       |     1 |       |       |       |       |       |       ||     1
         Idealise          |       |       |       |       |     4 |       |       |     1 |       ||     5
         Transference      |       |       |       |       |     1 |     2 |       |       |       ||     3
Ability: End Transformatio |       |       |       |       |     1 |       |     1 |     1 |       ||     3
  Evoke: Wand              |       |       |    23 |    29 |    36 |    13 |     6 |     5 |       ||   112
         Tin of tremorston |       |       |       |       |       |       |       |     5 |       ||     5
         Phial of floods   |       |       |       |       |       |       |       |     1 |       ||     1
         Piece from Xom's  |       |       |       |       |       |       |       |     1 |       ||     1
    Use: Potion            |     3 |       |       |     1 |     9 |    18 |     7 |    10 |     1 ||    49
         Scroll            |     1 |       |     5 |     6 |    19 |    13 |       |    13 |     2 ||    59
   Stab: Sleeping          |     6 |     8 |     6 |     2 |     5 |     4 |     8 |     6 |       ||    45
         Invisible         |     2 |       |       |       |       |       |       |       |       ||     2
         Distracted        |       |       |     1 |     8 |    19 |    13 |    19 |    26 |       ||    86
         Confused          |       |       |     1 |    12 |    23 |    14 |    76 |    79 |     2 ||   207
         Betrayed ally     |       |       |       |       |     1 |       |       |       |       ||     1
         Paralysed         |       |       |       |       |    18 |    38 |   109 |    55 |     4 ||   224
         Petrified         |       |       |       |       |     1 |       |       |       |       ||     1
 Armour: Skin              |     6 |     3 |    10 |     6 |    64 |   280 |   315 |   375 |    31 ||  1090
  Dodge: Dodged            |    58 |    71 |   142 |   154 |   453 |   805 |   869 |   838 |    55 ||  3445
  Block: Other             |       |       |       |    12 |       |   101 |   181 |   185 |    11 ||   490
         Orb               |       |       |       |     7 |   129 |    96 |       |       |       ||   232
         Reflection        |       |       |       |       |     4 |    22 |    18 |     4 |       ||    48

Table legend: (Time is in decaauts)
 A = Elapsed time spent in this place.
 B = Non-inter-level travel time spent in this place.
 C = Inter-level travel time spent in this place.
 D = Time resting spent in this place.
 E = Time spent auto-exploring this place.
 F = Levels seen in this place.
 G = Mean time per level.
                   A        B        C        D        E       F      G
               +--------+--------+--------+--------+--------+-----+--------+
         Total |  75802 |  69819 |   5983 |  17867 |  36688 |  56 | 1353.6 |
       Dungeon |  23369 |  21373 |   1996 |   7717 |   9370 |  15 | 1557.9 |
        Temple |    349 |    265 |     84 |    132 |    111 |   1 |  349.0 |
          Lair |   7702 |   6466 |   1236 |   1505 |   3664 |   5 | 1540.4 |
        Shoals |   5039 |   4757 |    282 |    269 |   3279 |   4 | 1259.8 |
     Snake Pit |   6611 |   5990 |    621 |   1041 |   3469 |   4 | 1652.8 |
    Slime Pits |   3661 |   3494 |    167 |   1284 |   1476 |   5 |  732.2 |
  Orcish Mines |   3025 |   2811 |    214 |   1056 |    989 |   2 | 1512.5 |
   Elven Halls |   6399 |   5827 |    572 |   1548 |   2785 |   3 | 2133.0 |
        Vaults |   7914 |   7699 |    215 |    540 |   5729 |   4 | 1978.5 |
        Depths |   8626 |   8035 |    591 |   1799 |   4812 |   4 | 2156.5 |
           Zot |    485 |    485 |      0 |    223 |    144 |   2 |  242.5 |
        Bazaar |    410 |    410 |      0 |      0 |    271 |   4 |  102.5 |
        Bailey |    388 |    388 |      0 |    119 |    132 |   1 |  388.0 |
       Volcano |    162 |    162 |      0 |     20 |     54 |   1 |  162.0 |
        Wizlab |   1655 |   1655 |      0 |    611 |    400 |   1 | 1655.0 |
               +--------+--------+--------+--------+--------+-----+--------+

Top non-repeatable levels by time:
   Elf:3: 3375 daAuts
Depths:1: 3215 daAuts
    D:13: 2712 daAuts
    D:11: 2673 daAuts
Vaults:2: 2416 daAuts
    D:10: 2311 daAuts
Vaults:1: 2112 daAuts
Depths:2: 2111 daAuts
     D:6: 2080 daAuts
 Snake:4: 2066 daAuts
    D:14: 2009 daAuts
  Lair:3: 2006 daAuts
Depths:4: 1945 daAuts
 Snake:3: 1889 daAuts
     D:9: 1868 daAuts
